 Dungeon Crawl Stone Soup version 0.31.0-12-g77e489cdc1 (webtiles) character file.

Game seed: 8085264233310357111

271 thiplelam the Chopper (level 6, -13/56 HPs)
             Began as a Minotaur Berserker on Feb 24, 2024.
             Was a Believer of Trog.
             Mangled by an ogre
             ... wielding a +0 giant club
              (18 damage)
             ... on level 5 of the Dungeon.
             The game lasted 00:17:01 (1197 turns).

thiplelam the Chopper (Minotaur Berserker)          Turns: 1197, Time: 00:17:02

Health: -13/56     AC:  9    Str: 24    XL:     6   Next: 2%
Magic:  5/5        EV:  9    Int:  4    God:    Trog [**....]
Gold:   97         SH:  0    Dex:  9    Spells: 5/5 levels left

rFire   . . .        a - +0 hand axe
rCold   . . .        (no shield)
rNeg    + . .        q - +0 chain mail
rPois   .            (helmet restricted)
rElec   .            (no cloak)
rCorr   .            (no gloves)
SInv    .            (no boots)
Will    ++...        (no amulet) Stlth
                     j - ring of positive energy
HPRegen 1.29/turn    (no ring)
MPRegen 0.09/turn

%: no passive effects
@: strong-willed, regenerating, studying Dodging
A: horns 2, retaliatory headbutt
a: Renounce Religion, Berserk, Trog's Hand


You were on level 5 of the Dungeon.
You worshipped Trog.
Trog was pleased with you.
You visited 1 branch of the dungeon, and saw 5 of its levels.

You collected 97 gold pieces.

Inventory:

Hand Weapons
 a - a +0 hand axe (weapon)
 d - a +0 club
 f - a +0 sling
 g - a +0 whip
 l - a +0 mace
 n - a +0 dagger
 s - a +0 mace
 t - a +0 dagger
 w - a +2 whip of draining
 x - a +0 short sword
 C - a +0 club
 D - a +0 flail
 E - a +0 spear
Missiles
 h - 3 curare-tipped darts (quivered)
 p - 9 stones
Armour
 b - a +0 animal skin
 i - a +0 robe
 k - an orb of wrath
 q - a +0 chain mail (worn)
 r - a +0 leather armour
 y - a +0 scale mail
Jewellery
 j - a ring of positive energy (left hand)
Scrolls
 e - 3 scrolls of identify {unknown}
 m - 2 scrolls of enchant armour {unknown}
 z - a scroll of torment {unknown}
 A - a scroll of teleportation {unknown}
Potions
 c - 2 potions of enlightenment {unknown}
 o - 2 potions of degeneration {unknown}
 u - a potion of heal wounds {unknown}
 v - a potion of attraction {unknown}
 B - a potion of invisibility {unknown}


   Skills:
 + Level 5.1 Fighting
 + Level 6.5 Axes
 + Level 1.0(4.1) Maces & Flails
 + Level 3.3 Armour
 + Level 3.0 Dodging
 + Level 0.1 Stealth


You had 5 spell levels left.
You didn't know any spells.
Your spell library contained the following spells:

 Spells                   Type           Power      Damage    Failure   Level
 Summon Small Mammal      Summ           0%         N/A       97%         1
 Call Canine Familiar     Summ           0%         N/A       100%        3
 Anguish                  Hex/Necr       0%         N/A       100%        4
 Cause Fear               Hex            0%         N/A       100%        4
 Summon Blazeheart Golem  Fire/Summ      0%         N/A       100%        4
 Enfeeble                 Hex            0%         N/A       100%        7


Dungeon Overview and Level Annotations

Branches:
Dungeon (5/15)
 Temple: D:4-7

Altars:

Shops:
D:3 [

Annotations:
D:3 1 runed translucent door


Innate Abilities, Weirdness & Mutations

You have a pair of horns on your head.
You reflexively headbutt those who attack you in melee.


Message History

You have reached level 6!
You slash the scorpion! Your headbutt misses the scorpion.
The scorpion is almost dead.
You hit the ogre but do no damage. The scorpion stings you.
A gnoll comes into view. It is wielding a +0 club.
The ogre hits you with a +0 giant club!
* * * LOW HITPOINT WARNING * * *
The scorpion stings you but does no damage.
The gnoll shouts!
You hit the scorpion but do no damage. Your headbutt misses the scorpion.
The scorpion is almost dead.
You hit the ogre. The ogre barely misses you.
The scorpion stings you but does no damage.
You hit the scorpion but do no damage.
The scorpion is almost dead.
You hit the ogre.
A gnoll comes into view.
It is wielding a +0 flail and quivering 2 throwing nets.
A bombardier beetle comes into view.
The scorpion stings you.
* * * LOW HITPOINT WARNING * * *
Your skin crawls.
You feel strong-willed.
The gnoll shouts!
The gnoll throws a throwing net.
The throwing net hits you.
You become entangled in the net!
A gnoll comes into view. It is wielding a +0 spear.
The ogre hits you with a +0 giant club.
* * * LOW HITPOINT WARNING * * *
The scorpion stings you but does no damage.
You tear a large gash into the net.
The gnoll shouts!
The scorpion stings you but does no damage.
The ogre hits you with a +0 giant club.
* * * LOW HITPOINT WARNING * * *
You struggle against the net.
The scorpion stings you.
* * * LOW HITPOINT WARNING * * *
The scorpion stings you but does no damage.
You rip the net and break free!
The ogre hits you with a +0 giant club!!
You die...

##.###.# .( #. ..#.# ...
#..#.#.# #
.####.######..#.#.######
......S............s..##
.......#<####.#.#.......
..............#.#####.##
...g..##O.......#####...
...g.g.@s.#.............
..B....................
.#######.......########
....###.### ###.. #.#
#.#.#.# ....... ... ..#
####


You could see an ogre, a scorpion, a bombardier beetle and 3 gnolls.

Vanquished Creatures
  The ghost of Doomgape the Trooper, an amateur GrFi (D:3)
  A bullfrog (D:3)
  Natasha (twice) (D:2)
  2 adders
  2 gnolls (D:5)
  A dart slug (D:3)
  A ribbon worm (D:3)
  An orc (D:4)
  2 endoplasms
  A giant cockroach (D:3)
  4 goblins
  5 hobgoblins
  2 jackals (D:1)
  A quokka (D:2)
  5 ball pythons
  4 bats (D:1)
  2 kobolds (D:3)
  4 rats
41 creatures vanquished.

Notes
Turn   | Place    | Note
-------+----------+-------------------------------------------
     0 | D:1      | thiplelam the Minotaur Berserker began the quest for the
                  | Orb.
     0 | D:1      | Reached XP level 1. HP: 19/19 MP: 0/0
   175 | D:1      | Reached XP level 2. HP: 16/27 MP: 1/1
   235 | D:1      | Reached skill level 4 in Axes
   552 | D:2      | Noticed Natasha
   558 | D:2      | Killed Natasha
   559 | D:2      | Reached XP level 3. HP: 31/34 MP: 2/2
   758 | D:2      | Noticed Natasha
   762 | D:2      | Killed Natasha
   763 | D:2      | Reached skill level 5 in Axes
   763 | D:2      | Reached XP level 4. HP: 41/41 MP: 3/3
   952 | D:3      | Found a runed translucent door.
   954 | D:3      | Noticed Doomgape's ghost (amateur GrFi)
   955 | D:3      | Noticed a bullfrog
   985 | D:3      | Killed a bullfrog
   986 | D:3      | Reached XP level 5. HP: 35/47 MP: 4/4
   989 | D:3      | Reached ** piety under Trog
   995 | D:3      | Killed Doomgape's ghost
   996 | D:3      | Reached skill level 5 in Fighting
   996 | D:3      | Reached skill level 6 in Axes
   999 | D:3      | Found a runed translucent door.
  1033 | D:3      | Reached skill level 1 in Maces & Flails
  1041 | D:3      | Found Meob's Antique Armour Emporium.
  1122 | D:5      | Entered Level 5 of the Dungeon
  1190 | D:5      | Noticed an ogre
  1191 | D:5      | Reached XP level 6. HP: 28/56 MP: 5/5
  1197 | D:5      | Mangled by an ogre

Illustrated notes

Levels and vault maps discovered:
D:1:      lightli_arrival_isolated_outpost, layout_basic
D:2:      layout_basic, chequers_serial_rivers_micro_d, minmay_crystal_water,
          uniq_natasha
D:3:      layout_basic, ebering_ghost_sewer_f, serial_shops, shop
D:4:      layout_basic, minmay_temple_entry_offerings
D:5:      layout_basic, nicolae_uskayaw_murder_on_the_dancefloor,
          mainiacjoe_overflow_surrounded_room, mainiacjoe_overflow_catwalk,
          mainiacjoe_overflow_swirl, minmay_fractal_squares_gapless_5

Skill      XL: |  1  2  3  4  5 |
---------------+----------------+-----
Fighting       | 4 5 |  5.1
Axes           | 4 5 6 |  6.5
Armour         | 3 |  3.3
Maces & Flails | 1 |  1.0
Dodging        | 3 |  3.0
Stealth        | |  0.1

Action                     |  1- 3 |  4- 6 || total
---------------------------+-------+-------++-------
  Melee: Hand axe          |    43 |    39 ||    82
         Headbutt          |     5 |     9 ||    14
         Whip              |       |    22 ||    22
         Punch             |       |     1 ||     1
  Throw: Dart              |     2 |       ||     2
 Invoke: Berserk           |     1 |     1 ||     2
         Trog's Hand       |       |     1 ||     1
 Armour: Animal skin       |    25 |       ||    25
         Chain mail        |     9 |    69 ||    78
         Skin              |     1 |       ||     1
  Dodge: Dodged            |    24 |    32 ||    56
